 Dungeon Crawl Stone Soup version 0.29.1-2-gbd0b4ee654 (webtiles) character file.

Game seed: 6395217732492005170

755 GorkyZ the Conjurer (level 7, 0/46 HPs)
             Began as a Demonspawn Conjurer on Nov 14, 2022.
             Was an Initiate of Dithmenos.
             Slain by a black bear (2 damage)
             ... on level 5 of the Dungeon.
             The game lasted 00:37:28 (5865 turns).

GorkyZ the Conjurer (Demonspawn Conjurer)           Turns: 5865, Time: 00:37:29

Health: 0/46       AC:  4    Str:  7    XL:     7   Next: 49%
Magic:  11/13      EV: 13    Int: 20    God:    Dithmenos [......]
Gold:   205        SH:  0    Dex: 15    Spells: 8/14 levels left

rFire   . . .      SeeInvis .   d - +0 dagger
rCold   . . .      Faith    .   (no shield)
rNeg    . . .      Spirit   .   a - +0 robe
rPois   .          Reflect  .   (no helmet)
rElec   .          Harm     .   (no cloak)
rCorr   .          Rampage  .   (no gloves)
Will    .....                   (no boots)
Stlth   ++........              j - amulet of the acrobat
HPRegen 0.15/turn               (no ring)
MPRegen 0.13/turn               (no ring)

@: very slightly contaminated
A: slimy green scales 1, powered by pain 1, demonic touch 2, agile 1
a: Renounce Religion


You were on level 5 of the Dungeon.
You worshipped Dithmenos.
Dithmenos was noncommittal.
You visited 1 branch of the dungeon, and saw 5 of its levels.

You collected 205 gold pieces.

Inventory:

Hand Weapons
 d - a +0 dagger (weapon)
 o - the +7 war axe "Yhucerem" {venom, rCorr}
   (You found it on level 3 of the Dungeon)

   It poisons the flesh of those it strikes.
   rCorr:     It protects you from acid and corrosion.
Armour
 a - a +0 robe (worn)
Jewellery
 h - a ring of protection from cold
 j - an amulet of the acrobat (around neck)
Wands
 l - a wand of charming (5)
Scrolls
 g - 5 scrolls of identify
 i - a scroll of immolation {unknown}
 k - a scroll of teleportation
 m - a scroll of magic mapping
Potions
 b - a potion of resistance
 c - a potion of curing
 e - a potion of brilliance


   Skills:
 - Level 0.5 Throwing
 * Level 3.0 Dodging
 - Level 2.0 Stealth
 + Level 4.4 Spellcasting
 + Level 6.5 Conjurations
 * Level 2.3 Translocations
 - Level 2.2 Evocations


You had 8 spell levels left.
You knew the following spells:

 Your Spells              Type           Power      Damage    Failure   Level
a - Magic Dart            Conj           100%       1d8       1%          1
b - Iskenderun's Mystic   Conj/Tloc      22%        2d6       21%         4
c - Summon Small Mammal   Summ           16%        N/A       12%         1

Your spell library contained the following spells:

 Spells                   Type           Power      Damage    Failure   Level
 Searing Ray              Conj           60%        2d6       1%          2
 Apportation              Tloc           26%        N/A       4%          1
 Dazzling Flash           Conj/Hex       34%        N/A       10%         3
 Necrotise                Necr           16%        1d4       12%         1
 Fulminant Prism          Conj/Hex       8%         3d7       32%         4


Dungeon Overview and Level Annotations

Branches:
Dungeon (5/15)
 Temple: D:4-7

Altars:
Dithmenos
Hepliaklqana
Kikubaaqudgha
Okawaru
Ru
Uskayaw

Shops:
D:3 =   D:4 ?


Innate Abilities, Weirdness & Mutations

You are partially covered in slimy green scales. (AC +2)
You sometimes gain a little power by taking damage.
Your touch may inflict irresistible damage on your foes.
You are agile. (Dex +4, Str/Int -1)


Message History

The black bear bites you but does no damage.
The black bear claws you. The black bear completely misses you.
You hit the black bear.
You touch the black bear!
The black bear is almost dead.
The black bear bites you.
* * * LOW HITPOINT WARNING * * *
The black bear closely misses you.
The black bear claws you but does no damage.
Aiming: Magic Dart (safe; 1% risk of failure)
Press: ? - help, Q - select action, (/) - cycle Shift-Dir - straight line, f/p - black bear
Aim: a black bear (almost dead, 100% to hit)
You miscast Magic Dart.
You are very lightly contaminated with residual magic.
Nothing appears to happen.
The black bear goes berserk!
Magic courses through your body. The black bear closely misses you. x2
The black bear misses you. The black bear closely misses you.
The black bear claws you.
* * * LOW HITPOINT WARNING * * *
The black bear closely misses you.
Okay, then.
Aiming: Magic Dart (safe; 1% risk of failure)
Press: ? - help, Q - select action, (/) - cycle Shift-Dir - straight line, f/p - black bear
Aim: a black bear (almost dead, berserk, 100% to hit)
The magic dart hits the black bear but does no damage.
The black bear is almost dead.
The black bear bites you.
* * * LOW HITPOINT WARNING * * *
The black bear misses you. The black bear claws you.
* * * LOW HITPOINT WARNING * * *
Aiming: Magic Dart (safe; 1% risk of failure)
Press: ? - help, Q - select action, (/) - cycle Shift-Dir - straight line, f/p - black bear
Aim: a black bear (almost dead, berserk, 100% to hit)
The magic dart hits the black bear but does no damage.
The black bear is almost dead.
The black bear barely misses you.
The black bear claws you but does no damage. x2
The black bear misses you. The black bear barely misses you.
The black bear claws you.
You die...

############ ### .
....>..... ..# ..
#..##.#####.# ..
#.......5##.# ....
#...####....# .#.#
#..#######..## .#.#
#.####...##..# .#.#
#.###:...@.#.# .#.#
#.##.....h...#
.#.#####.##...#....##
..........#........#
..........##.....#.#
#..........#.)..##.#
#...........#...##.#
#...............##.#
#..............###)#


You could see a black bear (berserk).

Vanquished Creatures
  Eustachio (D:4)
  An ice beast (D:5)
  A black bear (D:4)
  A kobold brigand (D:5)
  2 scorpions (D:5)
  An orc priest (D:4)
  An iguana (D:4)
  A mummy (D:4)
  A gnoll (D:5)
  8 adders
  A white imp (D:5)
  A worm (D:3)
  A dart slug (D:3)
  8 orcs
  6 ball pythons
  11 endoplasms
  6 giant cockroaches
  3 goblins
  4 hobgoblins
  8 jackals
  9 kobolds
  A quokka (D:2)
  3 bats
  A frilled lizard (D:2)
  3 rats
84 creatures vanquished.

Vanquished Creatures (others)
  6 plants (D:5)
  3 withered plants (D:4)
9 creatures vanquished.

Grand Total: 93 creatures vanquished

Notes
Turn   | Place    | Note
-------+----------+-------------------------------------------
     0 | D:1      | GorkyZ the Demonspawn Conjurer began the quest for the Orb.
     0 | D:1      | Reached XP level 1. HP: 13/13 MP: 3/3
   284 | D:1      | Gained mutation: You sometimes gain a little power by
                  | taking damage. [demonic ancestry]
   284 | D:1      | Reached XP level 2. HP: 19/19 MP: 1/5
  1292 | D:2      | Reached XP level 3. HP: 13/24 MP: 1/6
  1644 | D:2      | Found a faded altar of an unknown god.
  1764 | D:2      | Reached skill level 5 in Conjurations
  1878 | D:2      | Gained mutation: Your touch may inflict minor irresistible
                  | damage on your foes. [demonic ancestry]
  1878 | D:2      | Reached XP level 4. HP: 18/30 MP: 5/7
  2002 | D:2      | Found a sacrificial altar of Ru.
  2037 | D:2      | Reached skill level 1 in Evocations
  2311 | D:2      | Learned a level 4 spell: Iskenderun's Mystic Blast
  2331 | D:3      | Found Econlug's Jewellery Boutique.
  3145 | D:3      | Identified the +7 war axe "Yhucerem" {venom, rCorr}
  3263 | D:3      | Found a hide-covered altar of Uskayaw.
  3458 | D:4      | Gained mutation: You are partially covered in slimy green
                  | scales. (AC +2) [demonic ancestry]
  3458 | D:4      | Reached XP level 5. HP: 30/35 MP: 1/9
  3576 | D:4      | Found an ancient bone altar of Kikubaaqudgha.
  3840 | D:4      | Noticed Eustachio
  3854 | D:4      | Killed Eustachio
  3855 | D:4      | Reached skill level 1 in Translocations
  3855 | D:4      | Reached XP level 6. HP: 27/41 MP: 1/11
  3962 | D:4      | Gained mutation: You are agile. (Dex +4, Str/Int -1)
                  | [potion of mutation]
  4353 | D:4      | Reached skill level 6 in Conjurations
  4704 | D:4      | Found a shadowy altar of Dithmenos.
  4729 | D:4      | Found a hazy altar of Hepliaklqana.
  5124 | D:4      | Found Wiurghoydgh's Magic Scroll Shoppe.
  5214 | D:5      | Entered Level 5 of the Dungeon
  5224 | D:5      | Gained mutation: Your touch may inflict irresistible damage
                  | on your foes. [demonic ancestry]
  5224 | D:5      | Reached XP level 7. HP: 11/46 MP: 3/12
  5464 | D:4      | Became a worshipper of Dithmenos the Shadowed
  5529 | D:5      | Learned a level 1 spell: Summon Small Mammal
  5552 | D:5      | Found an iron altar of Okawaru.
  5864 | D:5      | HP: 1/46 [black bear (5)]
  5865 | D:5      | Slain by a black bear

Illustrated notes

Levels and vault maps discovered:
D:1:      shiori_shiawase, layout_loops_ring
D:2:      layout_basic, basic_altar, chequers_ecumenical_altar_simple_redux,
          grunt_ministairs_9, chequers_serial_rivers_small_b
D:3:      layout_rooms, nicolae_uskayaw_murder_on_the_dancefloor, serial_shops,
          nicolae_shop_temple_entry_statues_fountains
D:4:      layout_basic, kiku_gazebo_garden_becter,
          nicolae_hepliaklqana_hazy_memory, grunt_dithmenos_smoke_and_mirrors,
          serial_shops, kennysheep_little_box, gup_ossuary_entry_pyramid,
          uniq_eustachio
D:5:      layout_basic, nicolae_elyvilon_temple_path,
          mainiacjoe_overflow_24_doors, mainiacjoe_overflow_six_doors_small,
          minmay_manual_moon

Skill      XL: |  1  2  3  4  5  6  7 |
---------------+----------------------+-----
Stealth        | 2 |  2.0
Dodging        | 2 3 |  3.0
Conjurations   | 5 6 |  6.5
Evocations     | 1 2 |  2.2
Spellcasting   | 3 4 |  4.4
Translocations | 1 2 |  2.3
Throwing       | |  0.5

Action                   |  1- 3 |  4- 6 |  7- 9 || total
-------------------------+-------+-------+-------++-------
Melee: Dagger            |    20 |    26 |     3 ||    49
       Touch             |       |     5 |     2 ||     7
Throw: Throwing net      |       |     6 |       ||     6
 Cast: Magic Dart        |    66 |   133 |    36 ||   235
       Summon Small Mamm |       |       |     2 ||     2
  Use: Potion            |     6 |     7 |     3 ||    16
       Scroll            |     2 |     2 |       ||     4
Armor: Robe              |     5 |     7 |     8 ||    20
       Skin              |     1 |       |       ||     1
Dodge: Dodged            |    21 |    35 |    26 ||    82
